 Dungeon Crawl Stone Soup version 0.22-a0-392-g5dc3fd9 (webtiles) character file.

51 iamserjio the Magician (level 3, 0/19 HPs)
             Began as a Deep Elf Fire Elementalist on May 2, 2018.
             Slain by a goblin (2 damage)
             ... led by Robin
             ... on level 2 of the Dungeon.
             The game lasted 00:03:02 (980 turns).

iamserjio the Magician (Deep Elf Fire Elementalist)  Turns: 980, Time: 00:03:03

Health: 0/19       AC:  2    Str:  5    XL:     3   Next: 58%
Magic:  1/10       EV: 13    Int: 20    God:
Gold:   57         SH:  0    Dex: 15    Spells: 6/10 levels left

rFire    + . .     SeeInvis .   g - +0 whip
rCold    + . .     Gourm    .   (no shield)
rNeg     . . .     Faith    .   a - +0 robe
rPois    +         Spirit   .   (no helmet)
rElec    +         Reflect  .   (no cloak)
rCorr    +         Harm     .   (no gloves)
MR       .....                  (no boots)
Stlth    ++........             (no amulet)
HPRegen  0.06/turn              (no ring)
MPRegen  0.12/turn              (no ring)

@: about to teleport, resistant
A: no striking features
a: no special abilities


You were on level 2 of the Dungeon.
You were not hungry.

You visited 1 branch of the dungeon, and saw 2 of its levels.

You collected 57 gold pieces.

Inventory:

Hand Weapons
 g - a +0 whip (weapon)
 m - a +1 short sword of distortion
Armour
 a - a +0 robe (worn)
 k - a +0 pair of gloves
Jewellery
 e - an uncursed amulet of regeneration {unknown}
Scrolls
 b - a scroll of enchant armour {unknown}
 d - a scroll of identify {unknown}
 i - a scroll of teleportation
 j - a scroll of remove curse {unknown}
 l - a scroll of amnesia {unknown}
Potions
 f - a potion of berserk rage {unknown}
Comestibles
 c - 3 rations
 n - 2 chunks of flesh


   Skills:
 - Level 2.4 Dodging
 - Level 2.4 Stealth
 + Level 4.0 Spellcasting
 + Level 2.3 Conjurations
 + Level 3.9 Fire Magic


You had 6 spell levels left.
You knew the following spells:

 Your Spells              Type           Power        Failure   Level  Hunger
a - Flame Tongue          Conj/Fire      ###..        3%          1    None
b - Conjure Flame         Conj/Fire      ###.....     11%         3    ###....


Dungeon Overview and Level Annotations

Branches:
Dungeon (2/15)

Altars:

Annotations:
D:2 Robin


Message History

Confirm with . or Enter, or press ? or * to list all spells.
You don't have enough magic to cast that spell.
Robin throws the goblin at you!
You closely miss the goblin. The goblin hits you.
You barely miss the goblin. The goblin hits you.
Robin hits you from afar with a spear.
You completely miss the goblin. The goblin hits you.
* * * LOW HITPOINT WARNING * * *
Robin laughs in a distinctly smug fashion.
Robin hits you but does no damage.
As you read the scroll labeled QAYMPU DUGASCH, it crumbles to dust.
You feel strangely unstable.
It was a scroll of teleportation.
The goblin closely misses you.
Robin says, "Duck!"
Robin roars a battlecry!
You hear a shout!
It was a potion of resistance.
You feel protected. The goblin hits you.
You die...

##########
..gg.g)gg#
########g#
#......#.#
#.####.#@#
#.# #<#g#
#.# ###.#
#.# #.#
#.# #.#
#.# #.#
#.######.#
#........#
##########


You could see Robin and 3 goblins.

Vanquished Creatures
  A gnoll (D:1)
  An adder (D:2)
  A dart slug (D:1)
  A leopard gecko (D:1)
  5 goblins
  4 hobgoblins (D:1)
  7 kobolds (D:1)
  5 bats (D:1)
  A frilled lizard (D:1)
  3 rats (D:1)
29 creatures vanquished.

Notes
Turn   | Place    | Note
-------+----------+-------------------------------------------
     0 | D:1      | iamserjio the Deep Elf Fire Elementalist began the quest for the Orb.
     0 | D:1      | Reached XP level 1. HP: 10/10 MP: 6/6
   251 | D:1      | Reached XP level 2. HP: 15/15 MP: 4/8
   507 | D:1      | Reached XP level 3. HP: 19/19 MP: 6/10
   911 | D:1      | Learned a level 3 spell: Conjure Flame
   922 | D:2      | Reached skill level 4 in Spellcasting
   960 | D:2      | Noticed Robin
   980 | D:2      | Slain by a goblin

Vault maps used:
D:1:      minmay_arrival_arboretum_small, serial_bayou_crossing
D:2:      first_ration, uniq_robin, uniq_crazy_yiuf_cottage

Skill      XL: |  1  2  3 |
---------------+----------+-----
Conjurations   | 2 |  2.3
Spellcasting   | 4 |  4.0
Dodging        | |  2.4
Stealth        | |  2.4
Fire Magic     | |  3.9

Action                   || total
-------------------------++-------
Melee: Whip              ||     3
 Cast: Flame Tongue      ||    50
       Conjure Flame     ||     1
  Use: Scroll            ||     1
       Potion            ||     1
Armor: Robe              ||     2
Dodge: Dodged            ||    11

Table legend:
 A = Spawn XP
 B = Non-spawn XP
 C = Spawn XP percentage of total XP
 D = Spawn monster count
 E = Non-spawn monster count
 F = Spawn count percentage of total count
 G = Total turns spent on level
                    A         B        C        D         E        F      G
               +---------+---------+-------+---------+---------+-------+---------
         Total |       0 |      74 |   0.0 |       0 |      29 |   0.0 |   980
               +---------+---------+-------+---------+---------+-------+---------
           D:1 |       0 |      56 |   0.0 |       0 |      25 |   0.0 |   912
           D:2 |       0 |      18 |   0.0 |       0 |       4 |   0.0 |    68
               +---------+---------+-------+---------+---------+-------+---------
